 Dungeon Sprint DCSS version 0.29-a0-925-g0a7a3d12f8 (webtiles) character file.

Game seed: 7670880877265542437

373 Hipnos the Carver (level 6, -11/51 HPs)
             Began as a Gnoll Chaos Knight on July 29, 2022.
             Was a Plaything of Xom.
             Mangled by a neqoxec (17 damage)
             ... in the Dungeon (Sprint II: "The Violet Keep of Menkaure").
             The game lasted 00:00:59 (835 turns).

Hipnos the Carver (Gnoll Chaos Knight)               Turns: 835, Time: 00:01:00

Health: -11/51     AC:  5    Str: 10 (11) XL:     6   Next: 72%
Magic:  13/13      EV: 12    Int: 11 (14) God:    Xom [..*...]
Gold:   243        SH:  0    Dex:  9      Spells: 15/15 levels left

rFire   . . .      SeeInvis .   a - +0 falchion (chaos)
rCold   . . .      Faith    .   (no shield)
rNeg    . . .      Spirit   .   b - +2 leather armour
rPois   .          Reflect  .   (no helmet)
rElec   .          Harm     .   (no cloak)
rCorr   .          Rampage  .   (no gloves)
Will    .....      NoTele   +   (no boots)
Stlth   ++........              (no amulet)
HPRegen 0.17/turn               (no ring)
MPRegen 0.13/turn               (no ring)

@: no status effects
A: fangs 1, strong nose, distributed training, clumsy 1, deterioration 1, frail
1, no potion heal 1, devolution 1
a: Renounce Religion


You were in the Dungeon.
You worshipped Xom.
You were a toy of Xom.
You visited 1 branch You collected 243 gold pieces.

Inventory:

Hand Weapons
 a - a +0 falchion of chaos (weapon)
Armour
 b - a +2 leather armour (worn)
Scrolls
 i - a scroll of blinking
Potions
 d - a potion of curing
 f - a potion of haste
 g - 2 potions of magic
Miscellaneous
 c - a piece from Xom's chessboard (15/15) (quivered)


   Skills:
 + Level 8.3 Fighting
 + Level 5.0 Short Blades
 + Level 8.3 Long Blades
 + Level 5.0 Axes
 + Level 5.0 Maces & Flails
 + Level 5.0 Polearms
 + Level 5.0 Staves
 + Level 5.0 Ranged Weapons
 + Level 5.0 Throwing
 + Level 6.9 Armour
 + Level 5.7 Dodging
 + Level 5.0 Stealth
 + Level 5.0 Shields
 + Level 5.0 Unarmed Combat
 + Level 5.0 Spellcasting
 + Level 4.1 Conjurations
 + Level 4.1 Hexes
 + Level 4.1 Summonings
 + Level 4.1 Necromancy
 + Level 4.1 Translocations
 + Level 4.1 Transmutations
 + Level 4.1 Fire Magic
 + Level 4.1 Ice Magic
 + Level 4.1 Air Magic
 + Level 4.1 Earth Magic
 + Level 4.1 Poison Magic
 + Level 5.5 Invocations
 + Level 5.0 Evocations


You had 15 spell levels left.
You didn't know any spells.
Your spell library was empty.

Dungeon Overview and Level Annotations

Branches:
Dungeon (1/1)

Altars:


Innate Abilities, Weirdness & Mutations

You have very sharp teeth.
Your uncanny sense of smell can sniff out nearby items.
Your experience applies equally to all skills.
You are clumsy. (Dex -2)
Your body sometimes deteriorates upon taking damage.
You are frail. (-10% HP)
Potions are less effective at restoring your health.
You have hidden genetic defects.


Message History

The neqoxec is moderately wounded.
The neqoxec closely misses you.
You closely miss the neqoxec. You bite the neqoxec.
The neqoxec is moderately wounded.
The neqoxec hits you. The neqoxec hits you!
Your body deteriorates!
You feel weakened.
You closely miss the neqoxec. Your bite misses the neqoxec.
The neqoxec is moderately wounded.
The neqoxec gestures at you.
You feel dopey. Something feeds on your intellect! The neqoxec hits you!
* * * LOW HITPOINT WARNING * * *
The neqoxec attacks as you move away! The neqoxec closely misses you.
The neqoxec hits you.
* * * LOW HITPOINT WARNING * * *
The neqoxec gestures at you.
Strange energies course through your body.
You feel a hidden malignance growing inside you.
The neqoxec attacks as you move away! The neqoxec hits you!
* * * LOW HITPOINT WARNING * * *
The neqoxec gestures at you.
Something tries to feed on your intellect!
There is an open door here.
Your system partially rejects the healing.
You feel much better. The neqoxec hits you.
* * * LOW HITPOINT WARNING * * *
You hit the neqoxec but do no damage. You bite the neqoxec, but do no damage.
The neqoxec is heavily wounded.
The neqoxec hits you!
* * * LOW HITPOINT WARNING * * *
You closely miss the neqoxec.
The neqoxec is heavily wounded.
The neqoxec hits you but does no damage.
You hit the neqoxec but do no damage.
The neqoxec seems to grow stronger.
The neqoxec is heavily wounded.
You barely miss the neqoxec.
The neqoxec is heavily wounded.
The neqoxec hits you!
You die...
Xom bursts into laughter!

∆∆ ∆ ### ∆
# ##.###+#
.#
#...##.##.#
+.##@33.'#
∆
#...##.###
##.###+#
### ∆ ∆ ∆ ∆
∆ ∆


You could see 2 neqoxecs.

Vanquished Creatures
  A neqoxec (D)
  4 necrophages (D)
5 creatures vanquished.

Notes
Turn   | Place    | Note
-------+----------+-------------------------------------------
     0 | D        | Hipnos the Gnoll Chaos Knight began the quest for the Orb.
     0 | D        | Reached XP level 1. HP: 23/23 MP: 1/1
     1 | D        | Noticed a necrophage
     1 | D        | Noticed a necrophage
     1 | D        | Noticed a necrophage
     1 | D        | Noticed a necrophage
     4 | D        | Killed a necrophage
     5 | D        | Reached skill level 5 in Armour
     5 | D        | Reached XP level 2. HP: 31/31 MP: 1/5
     5 | D        | Reached XP level 3. HP: 36/36 MP: 1/6
     7 | D        | Killed a necrophage
     8 | D        | Reached XP level 4. HP: 43/43 MP: 1/8
    10 | D        | Killed a necrophage
    11 | D        | Reached XP level 5. HP: 49/49 MP: 1/10
    17 | D        | Reached skill level 5 in Dodging
    17 | D        | Reached XP level 6. HP: 56/56 MP: 1/12
   187 | D        | Noticed a neqoxec
   797 | D        | XOM: noise
   802 | D        | Gained mutation: Potions are less effective at restoring
                  | your health. [a neqoxec]
   803 | D        | Noticed a neqoxec
   807 | D        | Gained mutation: Your body sometimes deteriorates upon
                  | taking damage. [a neqoxec]
   807 | D        | Noticed a neqoxec
   810 | D        | Gained mutation: You are clumsy. (Dex -2) [a neqoxec]
   816 | D        | Gained mutation: You are frail. (-10% HP) [a neqoxec]
   817 | D        | Killed a neqoxec
   817 | D        | XOM: cast spell 'Summon Ice Beast'
   818 | D        | Reached skill level 5 in Short Blades
   818 | D        | Reached skill level 5 in Axes
   818 | D        | Reached skill level 5 in Maces & Flails
   818 | D        | Reached skill level 5 in Polearms
   818 | D        | Reached skill level 5 in Staves
   818 | D        | Reached skill level 5 in Ranged Weapons
   818 | D        | Reached skill level 5 in Throwing
   818 | D        | Reached skill level 5 in Stealth
   818 | D        | Reached skill level 5 in Shields
   818 | D        | Reached skill level 5 in Unarmed Combat
   818 | D        | Reached skill level 5 in Spellcasting
   818 | D        | Reached skill level 5 in Invocations
   818 | D        | Reached skill level 5 in Evocations
   829 | D        | Gained mutation: You have hidden genetic defects. [a
                  | neqoxec]
   830 | D        | HP: 2/51 [neqoxec (7)]
   835 | D        | Mangled by a neqoxec

Illustrated notes

Levels and vault maps discovered:
D:        the_violet_keep_of_menkaure [sprint2_stairs_cluster_1,
          sprint2_shoproom, sprint2_temple, sprint2_basic_supplies,
          sprint2_obstacle_7, sprint2_obstacle_5, sprint2_obstacle_4,
          sprint2_obstacle_3, sprint2_obstacle_1, sprint2_timed_cluster_1,
          sprint2_smallroom_cluster_1, sprint2_smallroom_final_cluster_1,
          sprint2_transparent_cluster_1, sprint2_second_timed_cluster_1,
          sprint2_sniper_area_1, sprint2_heavy_combat_area_1,
          sprint2_mutation_trap_area_1, sprint2_forest_area_1,
          sprint2_light_combat_area_1, sprint2_behind_water_1,
          sprint2_near_end_vault_1]

Skill      XL: |  1  2  3  4  5  6 |
---------------+-------------------+-----
Fighting       | 7 8 |  8.3
Short Blades   | 2 3 4 5 |  5.0
Long Blades    | 7 8 |  8.3
Axes           | 2 3 4 5 |  5.0
Maces & Flails | 2 3 4 5 |  5.0
Polearms       | 2 3 4 5 |  5.0
Staves         | 2 3 4 5 |  5.0
Ranged Weapons | 2 3 4 5 |  5.0
Throwing       | 2 3 4 5 |  5.0
Armour         | 5 6 |  6.9
Dodging        | 3 4 5 |  5.7
Stealth        | 2 3 4 5 |  5.0
Shields        | 2 3 4 5 |  5.0
Unarmed Combat | 2 3 4 5 |  5.0
Spellcasting   | 2 3 4 5 |  5.0
Conjurations   | 2 3 4 |  4.1
Hexes          | 2 3 4 |  4.1
Summonings     | 2 3 4 |  4.1
Necromancy     | 2 3 4 |  4.1
Translocations | 2 3 4 |  4.1
Transmutations | 2 3 4 |  4.1
Fire Magic     | 2 3 4 |  4.1
Ice Magic      | 2 3 4 |  4.1
Air Magic      | 2 3 4 |  4.1
Earth Magic    | 2 3 4 |  4.1
Poison Magic   | 2 3 4 |  4.1
Invocations    | 2 3 4 5 |  5.5
Evocations     | 2 3 4 5 |  5.0

Action                   |  1- 3 |  4- 6 || total
-------------------------+-------+-------++-------
Melee: Falchion          |     5 |    37 ||    42
       Bite              |       |     4 ||     4
  Use: Potion            |     1 |     1 ||     2
Armor: Leather armour    |       |     4 ||     4
Dodge: Dodged            |       |    14 ||    14

Table legend: (Time is in decaauts)
 A = Elapsed time spent in this place.
 B = Non-inter-level travel time spent in this place.
 C = Inter-level travel time spent in this place.
 D = Time resting spent in this place.
 E = Time spent auto-exploring this place.
 F = Levels seen in this place.
 G = Mean time per level.
                   A        B        C        D        E       F      G
               +--------+--------+--------+--------+--------+-----+--------+
         Total |    835 |    835 |      0 |    771 |      0 |   1 |  835.0 |
       Dungeon |    835 |    835 |      0 |    771 |      0 |   1 |  835.0 |
               +--------+--------+--------+--------+--------+-----+--------+

Top non-repeatable levels by time:
       D: 835 daAuts
